[Event "*** Titled Tuesday Blitz"]
[Site "Chess.com"]
[Date "2021.03.02"]
[Round "8"]
[White "HackingKid98"]
[Black "azikom"]
[Result "0-1"]
[WhiteElo "2454"]
[BlackElo "2665"]
[TimeControl "180+1"]
[EndTime "11:30:22 PST"]
[Termination "azikom won on time"]

1. d4 d5 2. c4 c6 3. Nf3 Nf6 4. g3 dxc4 5. Bg2 b5 6. O-O Bb7 7. a4 e6 8. Ne5 a6 9. Nc3 Qb6 10. e4 c5 11. d5 exd5 12. exd5 Bd6 13. Ng4 Nxg4 14. Qxg4 O-O 15. axb5 axb5 16. Rxa8 Bxa8 17. Re1 f5 18. Qh5 Nd7 19. Re6 Nf6 20. Qxf5 b4 21.
Ne4 Nxe4 22. Qxe4 c3 23. Bf1 Qc7 24. Bd3 g6 25. Bh6 cxb2 26. Rxg6+ hxg6 27. Qxg6+ Kh8 28. Bxf8 Bxf8 29. Qe8 Qe7 30. Qh5+ Kg8 31. d6 Qe1+ 32. Bf1 b1=Q 33. Qg5+ Kh7 34. Qh5+ Kg7 35. Qg5+ Kh7 36. Qh5+ Bh6 37. Qf7+ Kh8 38. Qe8+ Qxe8 0-1

[Event "*** Titled Tuesday Blitz"]
[Site "Chess.com"]
[Date "2021.03.02"]
[Round "8"]
[White "SHIVACalypso"]
[Black "alejogarcia1999"]
[Result "0-1"]
[WhiteElo "2345"]
[BlackElo "2523"]
[TimeControl "180+1"]
[EndTime "11:30:23 PST"]
[Termination "alejogarcia1999 won by checkmate"]

1. Nf3 Nf6 2. c4 g6 3. g3 Bg7 4. Bg2 d6 5. O-O O-O 6. Nc3 e5 7. d3 Nbd7 8. Rb1 a5 9. a3 c6 10. b4 axb4 11. axb4 d5 12. b5 e4 13. Nd2 exd3 14.
exd3 Ne5 15. bxc6 bxc6 16. cxd5 Nxd5 17. Nxd5 cxd5 18. d4 Nc6 19. Nb3 Bf5 20. Rb2 Rb8 21.
Be3 Rb5 22. Qd2 Qb6 23. Rc1 Na5 24. Nxa5 Rxb2 25. Qc3 Rb5 26. Nc6 Re8 27. Bf1 Rb1 28. Bg5 Rxc1 29. Qxc1 Bxd4 30. Ne7+ Rxe7 31. Bxe7 Bxf2+ 32. Kh1 Qe6 33. Bg5 f6 34. Bf4 g5 35. Bd2 Be4+ 36.
Bg2 Bxg2+ 37. Kxg2 Bb6 38. Qb2 Qe2+ 39. Kh3 Bd8 40.
Qd4 Qe6+ 41. Kg2 Qe4+ 42. Qxe4 dxe4 43. Bc3 f5 44. Kf2 Kf7 45. Ke2 Ke6 46. Bg7 Kd5 47. Bh6 Bf6 48. Bf8 f4 49. gxf4 gxf4 50. Bh6 Ke5 51.
h3 Kf5 52. Bf8 Bd4 53. Bb4 f3+ 54. Kf1 e3 55. Be1 e2# 0-1

[Event "*** Titled Tuesday Blitz"]
[Site "Chess.com"]
[Date "2021.03.02"]
[Round "8"]
[White "Abund"]
[Black "Bodnar_Mykola"]
[Result "0-1"]
[WhiteElo "2648"]
[BlackElo "2507"]
[TimeControl "180+1"]
[EndTime "11:30:24 PST"]
[Termination "Bodnar_Mykola won by resignation"]

1. e4 e5 2. Nf3 Nc6 3. Bc4 Bc5 4.
c3 Nf6 5. d4 exd4 6. e5 d5 7.
Bb5 Ne4 8. cxd4 Bb4+ 9. Nbd2 O-O 10. O-O f6 11. exf6 Qxf6 12. Be2 Bd6 13. Qb3 Be6 14.
Qxb7 Nxd4 15. Nxd4 Qxd4 16. Nxe4 Qxe4 17. Qa6 Rae8 18.
Bd3 Qe5 19. g3 Bh3 20. Rd1 Qe1+ 21. Rxe1 Rxe1+ 22. Bf1 Bc5 23. Be3 Rxa1 24. Bxc5 Bxf1 25. Qxf1 Rxf1+ 26. Kxf1 Re8 27. b3 a6 28. Be3 Kf7 29.
Kg2 g6 30. Kf3 Ke6 31. Kf4 Rf8+ 32. Kg5 Ke5 33. Kh6 d4 34. f4+ Ke4 35. Bc1 Rf7 36.
h3 d3 37. Kg5 Kf3 38. g4 Ke2 39. f5 gxf5 40. gxf5 d2 41. Bxd2 Kxd2 42. f6 Ke3 43. Kf5 Kd4 44. Ke6 Rf8 45. f7 Kc3 46. Ke7 Ra8 47.
h4 Kb2 48. h5 Kxa2 49. b4 Kb3 50. f8=Q Rxf8 51. Kxf8 Kxb4 52. h6 a5 53. Kg7 a4 54.
Kxh7 a3 55. Kg8 a2 56. h7 a1=Q 57. h8=Q Qxh8+ 58. Kxh8 c5 59. Kg7 c4 60. Kf6 c3 61. Ke5 c2 62. Kd4 c1=Q 63. Kd3 Qc4+ 64. Kd2 Kc5 65. Kd1 Kd4 66. Ke1 Ke3 67. Kd1 Qc5 0-1

[Event "*** Titled Tuesday Blitz"]
[Site "Chess.com"]
[Date "2021.03.02"]
[Round "8"]
[White "Xeniya2005"]
[Black "andriipalchuk"]
[Result "0-1"]
[WhiteElo "2350"]
[BlackElo "2539"]
[TimeControl "180+1"]
[EndTime "11:30:24 PST"]
[Termination "andriipalchuk won on time"]

1. e4 c6 2. d4 d5 3. Nd2 dxe4 4.
Nxe4 Nf6 5. Nxf6+ exf6 6. c3 Bd6 7. Bd3 O-O 8. Ne2 Re8 9. Qc2 h5 10. Be3 Nd7 11. O-O-O Nf8 12. h3 Be6 13. Kb1 b5 14. g4 h4 15. Rhg1 Qd7 16. g5 f5 17.
g6 Nxg6 18. Bg5 a5 19. Qd2 a4 20. Bf4 Bf8 21. Bh2 Qd5 22. Nc1 Bd6 23. Bxd6 Qxd6 24. Qg5 Qf4 25. Qh5 Qh6 26. Qf3 Ne7 27. Ne2 Bd5 28.
Qf4 Qxf4 29. Nxf4 Kf8 30. Rg5 g6 31. Rdg1 Rad8 32. a3 Bb3 33. Kc1 Nd5 34. Ne2 Nf6 35.
Kd2 Bc4 36. f3 Bxd3 37. Kxd3 Nd5 38. Kd2 Ne3 39. Nf4 Nc4+ 40. Kc2 Rd6 41. Kb1 Re3 42.
R5g2 Rxf3 43. Ne2 Re6 44. Kc1 Rfe3 45. Nf4 Re1+ 0-1

[Event "*** Titled Tuesday Blitz"]
[Site "Chess.com"]
[Date "2021.03.02"]
[Round "8"]
[White "Susal_De_Silva"]
[Black "GLeruste"]
[Result "1-0"]
[WhiteElo "2649"]
[BlackElo "2486"]
[TimeControl "180+1"]
[EndTime "11:30:25 PST"]
[Termination "Susal_De_Silva won by resignation"]

1. e4 e5 2. Nf3 Nf6 3. d4 Nxe4 4. Bd3 d5 5. Nxe5 Bd6 6. O-O O-O 7. Nc3 Nxc3 8. bxc3 Bxe5 9. dxe5 Nc6 10. Re1 Re8 11.
Bf4 Ne7 12. Bg3 Bf5 13. Qf3 Bxd3 14. cxd3 Qd7 15. Rab1 c6 16. c4 dxc4 17. dxc4 Rad8 18. h4 b6 19. Rbd1 Qe6 20. Qc3 Nf5 21. Bf4 c5 22. g3 Nd4 23. a4 Ne2+ 24. Rxe2 Rxd1+ 25. Kh2 Qc6 26. f3 Red8 27. e6 fxe6 28. Qe5 Re8 29. Bh6 Qd7 30. Re4 gxh6 31. Rg4+ Kf8 32. Qh8+ Ke7 33.
Rg7+ Kd8 34. Rxd7+ Rxd7 35. Qf6+ Kc8 36. Qxh6 e5 37.
Qe3 Rd4 38. Qh6 Red8 39. Qc6+ Kb8 40. Qe6 e4 41. fxe4 Rd2+ 42. Kh3 R2d6 43. Qf5 Kb7 44. e5 Rd1 45. Qxh7+ R8d7 46. Qf5 R7d4 47. e6 Rh1+ 48. Kg2 Rhd1 49. Qf7+ Ka6 50. e7 Re1 51. e8=Q Rd2+ 52. Kh3 Rh1+ 53. Kg4 Rd4+ 54. Qf4 1-0

[Event "*** Titled Tuesday Blitz"]
[Site "Chess.com"]
[Date "2021.03.02"]
[Round "8"]
[White "HanSchut"]
[Black "Tekushka"]
[Result "0-1"]
[WhiteElo "2225"]
[BlackElo "2426"]
[TimeControl "180+1"]
[EndTime "11:30:26 PST"]
[Termination "Tekushka won on time"]

1. e4 e6 2. d4 d5 3. Nd2 Be7 4. Bd3 c5 5. dxc5 Nf6 6. Qe2 O-O 7. Ngf3 a5 8. O-O Na6 9. Ng5 h6 10. e5 hxg5 11. exf6 Bxf6 12. Qh5 g6 13.
Bxg6 fxg6 14. Qxg6+ Bg7 15. Nf3 Qf6 16. Qh5 Qh6 17.
Qxh6 Bxh6 18. Nxg5 Bg7 19. c3 Nxc5 20. Be3 Nd3 21.
Rab1 Bd7 22. Rfd1 Ne5 23. f4 Nc4 24. Bc1 Rac8 25. Nf3 a4 26. b3 axb3 27. axb3 Nd6 28.
Bb2 Bxc3 29. Bxc3 Rxc3 30. Ne5 Bb5 31. Rd2 Rxf4 32. Nf3 Ne4 33. Rdb2 Rf7 34. b4 Rfc7 35.
h3 Rc1+ 36. Rxc1 Rxc1+ 37. Kh2 Kf7 38. Nd4 Bd7 39. b5 e5 40. Nf3 Kf6 41. b6 Rc6 42. Ne1 d4 43. Nd3 Rc3 44. Nf2 Nxf2 45. Rxf2+ Ke6 46.
g4 d3 47. Kg3 d2+ 48. Kh4 d1=Q 49. g5 Rc4+ 50. Kg3 Qd3+ 51. Kh2 Qe3 52. Rf6+ Ke7 0-1

[Event "*** Titled Tuesday Blitz"]
[Site "Chess.com"]
[Date "2021.03.02"]
[Round "8"]
[White "Chimpinha"]
[Black "KRSilva"]
[Result "0-1"]
[WhiteElo "2387"]
[BlackElo "2235"]
[TimeControl "180+1"]
[EndTime "11:30:26 PST"]
[Termination "KRSilva won on time"]

1. d4 d5 2. c4 e6 3. Nc3 c6 4. e4 dxe4 5. Nxe4 Nf6 6. Nxf6+ Qxf6 7. Nf3 h6 8. Bd3 Bd6 9. O-O O-O 10. Qe2 b6 11. Qe4 Rd8 12. Qh7+ Kf8 13. Re1 Bb7 14. Bd2 g5 15. Bc3 Nd7 16. Ne5 Bxe5 17. dxe5 Qg7 18. Qe4 a5 19. Bd4 Rab8 20. c5 bxc5 21. Bc3 Ra8 22. Rad1 Nb6 23. Qe3 Kg8 24. Qxc5 Na4 25.
Qa3 Nxc3 26. Qxc3 Qf8 27. Be4 Qb4 28. Qg3 Rxd1 29. Rxd1 Qxe4 30. Qb3 Ba6 31. h3 Bb5 32. Qc3 Qe2 33. Rd7 Qf1+ 34. Kh2 Qxf2 35. Rd2 Qf4+ 36. Kg1 c5 37. Rf2 Qd4 38. Qf3 Rf8 39. Qf6 Qh4 40. Kh2 Qh5 41. Rf3 Qg6 42. Qe7 Re8 0-1

[Event "*** Titled Tuesday Blitz"]
[Site "Chess.com"]
[Date "2021.03.02"]
[Round "8"]
[White "annamaja"]
[Black "maxip32"]
[Result "1-0"]
[WhiteElo "2395"]
[BlackElo "2518"]
[TimeControl "180+1"]
[EndTime "11:30:28 PST"]
[Termination "annamaja won on time"]

1. e4 c5 2. Nf3 d6 3. d4 cxd4 4. Nxd4 Nf6 5. Nc3 a6 6. Be2 e5 7. Nb3 Be7 8. O-O O-O 9. Kh1 Nc6 10. f4 exf4 11. Bxf4 Be6 12. Qe1 Ne8 13. Qg3 Bf6 14.
Rad1 Be5 15. Bxe5 Nxe5 16. Nd4 Kh8 17. Nxe6 Qe7 18. Nxf8 Qxf8 19. Nd5 Rc8 20. c3 Nc7 21. Nxc7 Rxc7 22. Rd5 Qe7 23. Rfd1 Rc6 24. h3 g6 25. c4 f6 26. b3 b6 27. Rf1 Kg7 28. Rf4 a5 29.
Rd1 b5 30. cxb5 Rc2 31. Bc4 Rxa2 32. Rf2 Ra3 33. Qc3 Qc7 34. Qb2 Qc5 35. Rfd2 Qb4 36. Qc2 a4 37. Rxd6 axb3 38. Qd2 Qxc4 39.
b6 Ra2 40. Qd4 Qb5 41. Qd5 Ra8 42. Qxb5 Ra3 43. b7 b2 44. b8=Q Kh6 45. Qxb2 Re3 46. Qf8+ Kg5 47. Qxf6+ Kh5 48. Qbf2 1-0

[Event "*** Titled Tuesday Blitz"]
[Site "Chess.com"]
[Date "2021.03.02"]
[Round "8"]
[White "ViditYT"]
[Black "mbachez"]
[Result "1-0"]
[WhiteElo "2949"]
[BlackElo "2488"]
[TimeControl "180+1"]
[EndTime "11:30:29 PST"]
[Termination "ViditYT won by resignation"]

1. Nf3 Nf6 2. g3 g6 3. Bg2 Bg7 4. b3 d6 5. d4 O-O 6. Bb2 e5 7. dxe5 Nfd7 8. O-O Nc6 9. Nc3 Ndxe5 10. Qd2 Re8 11.
Rad1 Nxf3+ 12. exf3 Bf5 13. Qc1 Nd4 14. Rd2 c5 15.
Kh1 Qd7 16. Nd5 Bh3 17. c3 Bxg2+ 18. Kxg2 Nc6 19. Rfd1 Rad8 20. Qa1 c4 21. Qb1 b5 22. bxc4 bxc4 23. Ba3 Ne5 24. Ne3 Qc6 25. Qe4 Qa6 26. Rxd6 Rxd6 27. Bxd6 Qa4 28. Bxe5 Bxe5 29. Qxc4 Qxc4 30.
Nxc4 Bxc3 31. Rd7 a5 32. Rd3 Be1 33. Re3 Rc8 34. Nd6 Rc1 35. Re8+ Kg7 36. Re7 Bb4 37.
Rxf7+ Kg8 38. Rd7 Rc2 39. a4 Ra2 40. Ne4 Rxa4 41. Nf6+ Kf8 42. Nxh7+ Ke8 43. Nf6+ Kf8 44. Nd5 Ra2 45. Nxb4 axb4 46. Rb7 Rb2 47. f4 Kg8 48. h4 Rb1 49. Kf3 b3 50. Kg4 Rb2 51. Kg5 Rxf2 52. Kxg6 1-0

[Event "*** Titled Tuesday Blitz"]
[Site "Chess.com"]
[Date "2021.03.02"]
[Round "8"]
[White "MITerryble"]
[Black "Vugar_Manafov"]
[Result "1/2-1/2"]
[WhiteElo "2901"]
[BlackElo "2638"]
[TimeControl "180+1"]
[EndTime "11:30:29 PST"]
[Termination "Game drawn by repetition"]

1. e4 Nf6 2. e5 Nd5 3. c4 Nb6 4. d4 d6 5. exd6 cxd6 6. Nc3 g6 7. Be3 Bg7 8. Rc1 O-O 9. b3 Bf5 10. d5 e6 11. g4 Bxc3+ 12. Rxc3 Be4 13. f3 Bxd5 14. cxd5 Nxd5 15. Rd3 Nxe3 16. Rxe3 Qh4+ 17.
Kd2 Nc6 18. Bd3 Rfc8 19. Ne2 Nb4 20. Be4 d5 21. Bb1 Rc5 22. a3 Na6 23. b4 Rc7 24.
Bd3 Rac8 25. Qa1 Nb8 26. Nd4 Nd7 27. Nb5 Qf2+ 28. Re2 Rc2+ 29. Bxc2 Rxc2+ 30. Kxc2 Qxe2+ 31. Kb3 Qc4+ 32. Kb2 Qxb5 33. Qf1 Qb6 34. Qg1 Qa6 35. Qf1 Qd6 36. Qd3 Ne5 37. Qc3 Nc4+ 38. Ka2 b5 39. h4 Qg3 40. Rc1 Qxh4 41. Rc2 a6 42. Qd4 Qg3 43.
Qf6 Qe1 44. g5 Qe3 45. Qd8+ Kg7 46. Qf6+ Kg8 47. Qd8+ Kg7 48. Qf6+ Kg8 1/2-1/2

[Event "*** Titled Tuesday Blitz"]
[Site "Chess.com"]
[Date "2021.03.02"]
[Round "8"]
[White "Iskusnyh"]
[Black "German_Bazeev"]
[Result "0-1"]
[WhiteElo "2606"]
[BlackElo "2742"]
[TimeControl "180+1"]
[EndTime "11:30:30 PST"]
[Termination "German_Bazeev won on time"]

1. d4 Nf6 2. c4 e6 3. g3 d5 4. Nf3 Bb4+ 5. Bd2 Be7 6. Bg2 O-O 7. O-O c6 8. Qc2 a5 9. Bg5 Nbd7 10. Nbd2 b6 11. e4 Ba6 12. e5 Ne8 13. Bxe7 Qxe7 14. cxd5 cxd5 15. Rfc1 Rc8 16. Qb3 Nc7 17. Bf1 Bxf1 18.
Nxf1 b5 19. Rc6 Nb8 20. Rc2 a4 21. Qd3 Nba6 22. a3 Rb8 23. Rc6 b4 24. Rxa6 Nxa6 25. Qxa6 Ra8 26. Qd3 Rfc8 27. Ne3 b3 28. Qd2 Rc7 29. Rc1 Rac8 30. Rxc7 Qxc7 31. Kg2 Qc1 32. Qe2 h6 33. h4 Qb1 34. g4 Rc2 35. Qb5 Rxb2 36.
Qe8+ Kh7 37. Qxf7 Qe4 38. g5 Ra2 39. Kg3 Qg6 40. Qb7 h5 41. Ng2 Qf5 42. Nf4 Qg4+ 43. Kh2 Qxf4+ 44. Kg2 Qg4+ 45. Kh2 Qxf3 46. g6+ Kxg6 0-1

[Event "*** Titled Tuesday Blitz"]
[Site "Chess.com"]
[Date "2021.03.02"]
[Round "8"]
[White "GregShahade"]
[Black "kleopl"]
[Result "1-0"]
[WhiteElo "2637"]
[BlackElo "2482"]
[TimeControl "180+1"]
[EndTime "11:30:31 PST"]
[Termination "GregShahade won by checkmate"]

1. e4 c6 2. Nc3 d5 3. Nf3 a6 4.
d4 Bg4 5. h3 Bh5 6. g4 Bg6 7.
exd5 cxd5 8. Ne5 Nc6 9. h4 f6 10. Nxg6 hxg6 11. Qd3 Kf7 12. h5 gxh5 13. gxh5 e6 14. Bd2 Qb6 15. O-O-O Qxd4 16. Qg6+ Ke7 17. Be3 Qe5 18. Bc5+ Kd7 19. Bxf8 Rxf8 20. Bh3 Nge7 21. Qd3 Rxh5 22. Bxe6+ Kc7 23. Rhe1 Qf4+ 24. Kb1 Qxf2 25.
Nxd5+ Nxd5 26. Bxd5 Rd8 27. c4 Qf5 28. Re4 Nb4 29.
Qg3+ Kb6 30. Qe3+ Kc7 31. Qc5+ Nc6 32. Re1 Rh4 33. Kc1 Rxe4 34. Rxe4 Qg5+ 35. Kb1 Rd7 36. a3 f5 37. Bxc6 bxc6 38. Qa7+ Kc8 39. Qa8+ Kc7 40.
Qa7+ Kc8 41. Re8+ Rd8 42. Qa8+ Kd7 43. Rxd8+ Qxd8 44. Qxa6 f4 45. Qa7+ Qc7 46. Qd4+ Kc8 47. Qe4 g5 48. Qf5+ Qd7 49. Qxg5 f3 50. Qg8+ Kb7 51.
Qf8 Qd3+ 52. Ka1 Qf1+ 53. Ka2 Qxc4+ 54. Kb1 Qd3+ 55. Ka2 Qd5+ 56. Kb1 Kb6 57. Qb8+ Kc5 58. Qb4# 1-0

[Event "*** Titled Tuesday Blitz"]
[Site "Chess.com"]
[Date "2021.03.02"]
[Round "8"]
[White "KetiGrant"]
[Black "UCantHandleDenker"]
[Result "1/2-1/2"]
[WhiteElo "2354"]
[BlackElo "2524"]
[TimeControl "180+1"]
[EndTime "11:30:31 PST"]
[Termination "Game drawn by repetition"]

1. e4 c5 2. Nf3 d6 3. Bb5+ Bd7 4. Bxd7+ Qxd7 5. O-O g6 6. c3 Bg7 7. d4 Nf6 8. Re1 O-O 9. Nbd2 cxd4 10. cxd4 Nc6 11. Nb3 Rfc8 12. Bg5 a6 13. Qd2 e6 14. Bh6 Ne7 15.
Rad1 b6 16. Bxg7 Kxg7 17. e5 Nfd5 18. h4 h5 19. Qg5 Nf5 20. Rc1 Rxc1 21. Rxc1 a5 22.
Nbd2 dxe5 23. dxe5 Qa4 24. a3 Re8 25. Nc4 Rc8 26. Nd6 Rxc1+ 27. Qxc1 Nd4 28. Nxd4 Qxd4 29. Ne8+ Kh7 30. Qg5 Nf4 31. Qf6 Ne2+ 32. Kh2 Qf4+ 33.
g3 Qxf6 34. Nxf6+ Kg7 35. Nd7 Nc1 36. Nxb6 Nd3 37. Nc4 a4 38. Kg2 f6 39. exf6+ Kxf6 40. Kf3 e5 41. Ke3 Nc5 42. Nb6 Ke6 43. f4 Kf5 44.
fxe5 Kxe5 45. Nc4+ Kd5 46. Nd2 Ke5 47. Nc4+ Kd5 48. Nb6+ Ke5 49. Nc4+ 1/2-1/2

[Event "*** Titled Tuesday Blitz"]
[Site "Chess.com"]
[Date "2021.03.02"]
[Round "8"]
[White "Nuvas"]
[Black "jens1102"]
[Result "1-0"]
[WhiteElo "2551"]
[BlackElo "2428"]
[TimeControl "180+1"]
[EndTime "11:30:32 PST"]
[Termination "Nuvas won by resignation"]

1. d4 Nf6 2. c4 e6 3. Nc3 d5 4.
cxd5 exd5 5. Bg5 c6 6. e3 Bd6 7.
Bd3 Nbd7 8. Nge2 Nf8 9. Bh4 Ng6 10. Bg3 O-O 11. Qc2 b5 12. f3 b4 13. Na4 Re8 14. Bf2 Qa5 15. O-O Bd7 16. Rfc1 Rac8 17.
Nc5 Qb6 18. a3 bxa3 19. Rxa3 a5 20. Rb3 Bxc5 21. Rxb6 Bxb6 22. Nc3 c5 23. Bf5 cxd4 24. exd4 Bxf5 25. Qxf5 Rc4 26. g3 Bxd4 27. Bxd4 Rxd4 28. Nb5 Rd2 29. Rc8 Rxc8 30. Qxc8+ Nf8 31. Nd6 Rxb2 32. Qc7 N6d7 33. Qxa5 d4 34. Qd5 Ne6 35. Qf5 Nf6 36. g4 h6 37. h4 Rb3 38. g5 hxg5 39. hxg5 Nxg5 40. Qxg5 Rxf3 41. Nf5 Ne8 42. Nxd4 Rd3 43. Qe5 Rd1+ 44. Kf2 Nf6 45. Nf5 Rd2+ 46. Ke1 Ra2 47. Nxg7 Kxg7 48. Qg5+ Kf8 49. Qxf6 Ra8 50. Qh8+ Ke7 51.
Qxa8 Ke6 52. Kf2 Ke7 53. Qa6 1-0

[Event "*** Titled Tuesday Blitz"]
[Site "Chess.com"]
[Date "2021.03.02"]
[Round "8"]
[White "ama18"]
[Black "Stouuf"]
[Result "0-1"]
[WhiteElo "2462"]
[BlackElo "2611"]
[TimeControl "180+1"]
[EndTime "11:30:33 PST"]
[Termination "Stouuf won by resignation"]

1. e4 d6 2. d4 Nf6 3. Nc3 e5 4.
dxe5 dxe5 5. Qxd8+ Kxd8 6. Bg5 Nd7 7. O-O-O c6 8. Nf3 Ke8 9. Bc4 Be7 10. Bb3 Ng4 11. Bxe7 Kxe7 12. Rd2 f6 13. h3 Nh6 14. Rhd1 Nc5 15. Bc4 Nf7 16. Bxf7 Kxf7 17. b4 Na6 18. b5 Nc5 19. bxc6 bxc6 20. Rd6 Be6 21. Rxc6 Rhc8 22. Rxc8 Rxc8 23. Kb2 Rb8+ 24. Ka1 Rb4 25. Nd2 h5 26. f3 g5 27. Nb3 Rc4 28. Kb2 Na4+ 29. Nxa4 Rxa4 30.
Rd6 Rc4 31. c3 g4 32. hxg4 hxg4 33. Ra6 Rc7 34. Ra5 g3 35. Nc5 Bh3 36. Nd3 Bxg2 37. Ne1 Bf1 38. Kc2 g2 39. Nxg2 Bxg2 40. Kd3 Bxf3 41.
c4 Bh1 42. Rb5 Rd7+ 43. Ke3 Rd4 44. Rb7+ Kg6 45. Rxa7 Rxc4 46. a4 Bxe4 47. a5 Bh1 48. a6 Ra4 49. Kd3 f5 50. Kc3 f4 51. Kb3 Ra1 52. Kb2 Ra5 53. Kb3 e4 54. Kb4 Ra1 55. Kb5 e3 56. Re7 Kf6 57. Re8 Kf5 58. a7 Rxa7 0-1

[Event "*** Titled Tuesday Blitz"]
[Site "Chess.com"]
[Date "2021.03.02"]
[Round "8"]
[White "elohunter1999"]
[Black "BahadirOzen"]
[Result "1-0"]
[WhiteElo "2642"]
[BlackElo "2773"]
[TimeControl "180+1"]
[EndTime "11:30:35 PST"]
[Termination "elohunter1999 won on time"]

1. Nf3 d6 2. e4 g6 3. d4 Bg7 4.
Nc3 c6 5. Be3 b5 6. Bd3 Nd7 7.
Qd2 Qc7 8. h3 a6 9. O-O Ngf6 10.
Ne2 O-O 11. Ng3 c5 12. c3 e5 13. Bh6 Re8 14. Rad1 Bb7 15. Rfe1 Rad8 16. d5 c4 17. Bc2 Nc5 18. Nh2 Bc8 19. Rf1 Kh8 20. Bxg7+ Kxg7 21. f4 exf4 22. Rxf4 Ng8 23. Rdf1 Rf8 24.
Kh1 Qe7 25. Ng4 Bxg4 26. Rxg4 Kh8 27. Rgf4 f6 28. Ne2 Rde8 29. Nd4 Qg7 30. R1f3 Nh6 31. Rg3 Ng8 32. Rh4 Qf7 33. Kh2 Re5 34. Nc6 Rh5 35.
Rxh5 gxh5 36. Qf4 Nb7 37. a4 Ne7 38. Nd4 Ng6 39. Qf5 Nc5 40. axb5 h4 41. Rg4 axb5 42. Nxb5 Qe7 43. Nd4 Qe5+ 44. Qxe5 fxe5 45. Nf5 Rb8 46. Nxd6 Rxb2 47. Bd1 Rd2 48. Bf3 Na4 49. Nf7+ Kg7 50. Nxe5 Nxc3 51. Nxc4 Rd4 52. Ne5 Kf6 53. Nxg6 hxg6 54.
e5+ Kxe5 55. Rxd4 Kxd4 56. d6 1-0

[Event "*** Titled Tuesday Blitz"]
[Site "Chess.com"]
[Date "2021.03.02"]
[Round "8"]
[White "Lovkov_Roman"]
[Black "ukchessbomber"]
[Result "1-0"]
[WhiteElo "2722"]
[BlackElo "2549"]
[TimeControl "180+1"]
[EndTime "11:30:35 PST"]
[Termination "Lovkov_Roman won by resignation"]

1. e4 e5 2. Nf3 Nc6 3. Bb5 a6 4. Ba4 Nf6 5. O-O b5 6. Bb3 Bc5 7. c3 d6 8. d4 Bb6 9. Be3 O-O 10.
h3 Bb7 11. d5 Ne7 12. Bxb6 cxb6 13. Re1 Nd7 14. c4 bxc4 15. Bxc4 h6 16. Nc3 Ng6 17.
Bf1 a5 18. Nb5 Nc5 19. b3 Bc8 20. a3 a4 21. b4 Nb3 22. Ra2 Nf4 23. Rc2 f5 24. Rc6 Rf6 25. exf5 Bxf5 26. Nh2 Rg6 27. Kh1 Rb8 28. g3 Nxh3 29. Bxh3 Bxh3 30. Qh5 Qf6 31. Qxh3 Qxf2 32. Rg1 Rg5 33. Nxd6 Nd4 34. Ne4 Qe3 35. Rc8+ Rxc8 36. Qxc8+ Kh7 37. Nxg5+ Qxg5 38. Qh3 Qe3 39. Qg2 Ne2 40. Nf1 Qd3 41. Nh2 Nxg1 42. Kxg1 Qd1+ 43. Nf1 Qd4+ 44. Kh2 e4 45. Qd2 Qf6 46. Ne3 Qd6 47. Qd4 Qd8 48. Qxe4+ Kg8 49. Qe6+ Kh8 50. d6 Qf8 51. d7 h5 52. Qe8 Qxe8 53. dxe8=Q+ 1-0

[Event "*** Titled Tuesday Blitz"]
[Site "Chess.com"]
[Date "2021.03.02"]
[Round "8"]
[White "elextranjero00"]
[Black "AttackSparrow"]
[Result "1-0"]
[WhiteElo "2652"]
[BlackElo "2542"]
[TimeControl "180+1"]
[EndTime "11:30:36 PST"]
[Termination "elextranjero00 won by checkmate"]

1. d4 Nf6 2. Nf3 c5 3. d5 g6 4. Nc3 Bg7 5. e4 O-O 6. Be2 d6 7.
O-O Na6 8. Re1 Nc7 9. h3 a6 10. a4 b6 11. Bf4 Bb7 12. Bc4 Qd7 13. Qd3 Nh5 14. Bh2 Bxc3 15. Qxc3 b5 16. Bf1 f5 17.
axb5 fxe4 18. Rxe4 Bxd5 19. Re3 axb5 20. Rxa8 Bxa8 21.
Qe1 e5 22. Nxe5 dxe5 23. Bxe5 Nd5 24. Qd2 Qc6 25. Re1 c4 26. Qd4 Ndf4 27. Bxf4 Nxf4 28.
Re7 Ne2+ 29. Rxe2 Qf6 30. Qxf6 Rxf6 31. Re8+ Rf8 32. Rxf8+ Kxf8 33. f4 Ke7 34. Kf2 Kd6 35. Ke3 Kc5 36. c3 b4 37. g4 Bd5 38. f5 gxf5 39.
gxf5 bxc3 40. bxc3 Bf7 41. Be2 Kd5 42. Kf4 Kd6 43. h4 Bg8 44. f6 Bf7 45. Kg5 Ke5 46. Bg4 h6+ 47. Kxh6 Kxf6 48. Be2 Be6 49. Kh5 Ke5 50.
Kg5 Ke4 51. h5 Ke3 52. h6 Bg8 53. Bxc4 Bh7 54. Kf6 Kd2 55. Kg7 Be4 56. Bf7 Kxc3 57. Bg6 Bd5 58. h7 Bc4 59. h8=Q Kb4 60. Qh6 Kc3 61.
Kf6 Kd4 62. Qg5 Kc3 63. Qf4 Kb4 64. Ke5 Kc3 65. Qd4+ Kb4 66. Bd3 Kb3 67. Qxc4+ Kb2 68.
Qc2+ Ka3 69. Qb1 Ka4 70. Bc4 Ka5 71. Qb5# 1-0

[Event "*** Titled Tuesday Blitz"]
[Site "Chess.com"]
[Date "2021.03.02"]
[Round "8"]
[White "igorcadilhac"]
[Black "eduardoperalta"]
[Result "1-0"]
[WhiteElo "2435"]
[BlackElo "2530"]
[TimeControl "180+1"]
[EndTime "11:30:36 PST"]
[Termination "igorcadilhac won by resignation"]

1. e4 c5 2. Nf3 Nc6 3. Nc3 d6 4. d4 cxd4 5. Nxd4 Nf6 6. Bg5 e6 7.
f4 Be7 8. Qd2 O-O 9. O-O-O h6 10.
Bxf6 Bxf6 11. Nxc6 bxc6 12. Qxd6 Qb6 13. e5 Rd8 14. Qa3 Qe3+ 15. Kb1 Rxd1+ 16. Nxd1 Qxa3 17. bxa3 Be7 18. Bc4 Bxa3 19. Nc3 Rb8+ 20. Bb3 c5 21. Ka1 c4 22. Nb1 cxb3 23. Nxa3 bxa2 24. Kxa2 Bb7 25. Rb1 Bd5+ 26. c4 Rxb1 27. Kxb1 Bxg2 28. Nb5 Bf1 29. Nd6 f6 30. c5 Bg2 31. Kb2 Bc6 32. Nc8 Kf7 33. Nxa7 Bd5 34. c6 fxe5 35. c7 Bb7 36. fxe5 Kg6 37. Kc3 Kf5 38. Kd4 g5 39. c8=Q Bxc8 40.
Nxc8 h5 41. Nd6+ Kf4 42. Ne4 g4 43.
Nc5 h4 44. Nxe6+ Kf5 45. Nc5 g3 46. hxg3 h3 47. Ne4 h2 48. Nf2 Ke6 49. Ke4 1-0

[Event "*** Titled Tuesday Blitz"]
[Site "Chess.com"]
[Date "2021.03.02"]
[Round "8"]
[White "zverr1"]
[Black "Pantata007"]
[Result "0-1"]
[WhiteElo "2438"]
[BlackElo "2252"]
[TimeControl "180+1"]
[EndTime "11:30:36 PST"]
[Termination "Pantata007 won by checkmate"]

1. e4 e5 2. f4 exf4 3. Nc3 Qh4+ 4. Ke2 Qe7 5. d3 Nf6 6. Bxf4 d5 7. Bg5 Bg4+ 8. Nf3 dxe4 9. Nxe4 Nbd7 10. Kf2 Nxe4+ 11. dxe4 Bxf3 12. Bxe7 Bxd1 13. Bxf8 Bxc2 14. Bxg7 Rg8 15.
Bd4 Bxe4 16. Rc1 O-O-O 17. Rg1 Nb6 18. Be3 Bd3 19. Bxd3 Rxd3 20. Rgd1 Rgd8 21. Ke2 Rxd1 22. Rxd1 Rxd1 23. Kxd1 Nc4 24. Bc1 c5 25. Ke2 Kd7 26.
Kf3 b5 27. Kg4 Ke6 28. Kh5 Ne5 29. Be3 Nd3 30. Kh6 a5 31. Kxh7 c4 32. Bd4 b4 33.
g4 a4 34. h4 Kd5 35. Bf6 Ne5 36. Be7 c3 37. Bxb4 cxb2 38. Be7 b1=Q+ 39. Kg7 Nxg4 40.
h5 Qf5 41. h6 Qe5+ 42. Kf8 Qh8+ 43. Kxf7 Nxh6+ 44. Kg6 Ng4 45. Bg5 Qg8+ 46. Kf5 Nf2 47. Bf4 Qg2 48. Bg5 Qe4+ 49. Kf6 Nd3 50. Kg7 Qe6 51.
Bf6 Ne5 52. Bg5 Nd7 53. Kh7 Qf5+ 54. Kh6 Nf6 55. Bd2 Qh7+ 56. Kg5 Ne4+ 57. Kf4 Nxd2 58.
Ke3 Nc4+ 59. Kf4 Qd7 60. Kg5 Qc6 61. Kh5 Qc5 62. Kg5 Qd4 63. Kg6 Qe5 64. Kf7 Kd6 65. Kg6 Ke7 66. Kh6 Qg3 67. Kh7 Kf7 68. Kh8 Qg8# 0-1

[Event "*** Titled Tuesday Blitz"]
[Site "Chess.com"]
[Date "2021.03.02"]
[Round "8"]
[White "ShimanovAlex"]
[Black "champ2005"]
[Result "0-1"]
[WhiteElo "2803"]
[BlackElo "3000"]
[TimeControl "180+1"]
[EndTime "11:30:37 PST"]
[Termination "champ2005 won on time"]

1. g3 e5 2. Bg2 Nc6 3. d3 Bc5 4. Nf3 d6 5. O-O a6 6. c3 Ba7 7. e4 Nge7 8. d4 O-O 9. h3 h6 10. Re1 Ng6 11. Be3 Kh8 12. Nbd2 f5 13. exf5 Bxf5 14.
dxe5 Bxe3 15. Rxe3 Ncxe5 16. Nxe5 Nxe5 17. Qe2 c6 18. f4 Nd7 19. Nf3 Nf6 20. Nd4 Bd7 21.
Re1 Qa5 22. a3 Rae8 23. Qd2 Qd8 24. g4 c5 25. Ne6 Bxe6 26. Rxe6 d5 27. Rxe8 Rxe8 28.
Re5 Re7 29. b4 b6 30. Qe2 Rxe5 31. fxe5 Ng8 32. Qxa6 d4 33. Qd3 Ne7 34. bxc5 bxc5 35. cxd4 cxd4 36. a4 Qb6 37. Qb5 Qd8 38. Be4 h5 39.
gxh5 Ng8 40. Qe2 Qg5+ 41. Bg2 Qc1+ 42. Bf1 Qg5+ 43. Kh1 Qc1 44. a5 Nh6 45. Qf3 Qa1 46.
e6 Qa3 47. a6 Qxf3+ 0-1